 Dungeon Crawl Stone Soup version 0.27-a0-1191-g601b473118 (webtiles) character file.

Game seed: 471217048575086852

54 Lanoc the Chiller (level 3, -3/21 HPs)
             Began as an Octopode Ice Elementalist on May 23, 2021.
             Slain by a hobgoblin (6 damage)
             ... led by Robin
             ... on level 2 of the Dungeon.
             The game lasted 00:02:07 (2079 turns).

Lanoc the Chiller (Octopode Ice Elementalist)       Turns: 2079, Time: 00:02:07

Health: -3/21      AC:  1    Str:  7    XL:     3   Next: 91%
Magic:  6/6        EV: 13    Int: 18    God:
Gold:   111        SH:  0    Dex: 12    Spells: 2/6 levels left

rFire    . . .     SeeInvis .   (no weapon)
rCold    . . .     Faith    .   (no shield)
rNeg     . . .     Spirit   .   (helmet restricted)
rPois    .         Reflect  .   (no amulet)
rElec    .         Harm     .   (no ring)
rCorr    .         Rampage  .   (no ring)
Will     .....                  (no ring)
Stlth    +++.......             (no ring)
HPRegen  0.07/turn              (no ring)
MPRegen  0.10/turn              (no ring)
                                (no ring)
                                (no ring)

@: flying, hasted, very quick
A: almost no armour, amphibious, 8 rings, camouflage 1, gelatinous body 1,
(nimble swimmer 1), tentacles
a: no special abilities


You were on level 2 of the Dungeon.
You visited 1 branch of the dungeon, and saw 2 of its levels.

You collected 111 gold pieces.

Inventory:

Scrolls
 d - 2 scrolls of amnesia {unknown}


   Skills:
 + Level 2.8 Dodging
 - Level 2.6 Stealth
 - Level 2.0 Spellcasting
 * Level 5.0 Ice Magic


You had 2 spell levels left.
You knew the following spells:

 Your Spells              Type           Power      Damage    Failure   Level
a - Freeze                Ice            76%        1d9       2%          1
b - Frozen Ramparts       Ice            38%        1d5       7%          3

Your spell library contained the following spells:

 Spells                   Type           Power      Damage    Failure   Level
 Ozocubu's Armour         Ice            19%        N/A       7%          3
 Hailstorm                Conj/Ice       10%        3d5       54%         4
 Metabolic Englaciation   Hex/Ice        5%         N/A       87%         5


Dungeon Overview and Level Annotations

Branches:
Dungeon (2/15)

Altars:

Annotations:
D:2 Robin


Innate Abilities, Weirdness & Mutations

You cannot wear most types of armour.
You are amphibious.
You can wear up to eight rings at the same time.
Your skin changes colour to match your surroundings (Stealth+).
Your rubbery body absorbs attacks. (AC +1, EV +1)
((You are camouflaged near water. (Stealth+)))
You have tentacles for arms and can constrict up to eight enemies at once.


Message History

2 hobgoblins come into view. 2 goblins come into view.
The goblin shouts!
You hear a shout! x2
Robin of the Strong Arm comes into view.
They are wielding a +0 club.
The hobgoblin shouts! x3
Robin throws the goblin at you!
A hobgoblin comes into view.
The goblin hits you with a +0 dagger.
You barely miss the goblin.
The hobgoblin shouts!
You grab the goblin. You squeeze the goblin.
The goblin is moderately wounded.
You constrict the goblin.
You hear a shout!
A goblin comes into view. It is wielding a +0 club.
Robin throws the goblin at you! The goblin closely misses you.
You hear a shout!
You release your grip on the goblin.
A goblin and 2 hobgoblins come into view.
The goblin barely misses you.
Robin roars a battlecry!
The goblins go into a battle-frenzy!
The goblin closely misses you. Robin throws the goblin at you!
You closely miss the goblin. You grab the goblin. You constrict the goblin.
The hobgoblin hits you. x2; The goblin hits you with a +0 club.
* * * LOW HITPOINT WARNING * * *
The goblin closely misses you.
It was a potion of flight.
You feel very buoyant.
You fly up into the air.
You constrict the goblin. The hobgoblin barely misses you.
The hobgoblin closely misses you. The goblin misses you.
The goblin hits you with a +0 dagger.
* * * LOW HITPOINT WARNING * * *
It was a potion of curing.
You feel better.
You constrict the goblin.
You kill the goblin!
The hobgoblin completely misses you. The goblin hits you with a +0 club.
* * * LOW HITPOINT WARNING * * *
The hobgoblin barely misses you. x2
It was a potion of haste.
You feel yourself speed up. The hobgoblin hits you.
You die...

######## ##### ##......
...# #.....#######.#####
####
.......#........gg##.....
.........####.##gggg...#
.........# ##.##@ggg.....
.........###...#g###.#.##
................g....# #
#...).....##...#.....
.....#....###.##.####
..#.##..### #.##..
..#.##..# #.##.## #
.....#..#####.##.##.# ##
# ..............##.##.#
#... ..# #


You could see Robin, 7 hobgoblins and 3 goblins.

Vanquished Creatures
  2 adders (D:2)
  A worm (D:2)
  A dart slug (D:1)
  A ball python (D:1)
  6 endoplasms
  A giant cockroach (D:2)
  A goblin (D:2)
  A hobgoblin (D:1)
  A quokka (D:2)
  3 bats (D:1)
  3 kobolds
  11 rats
32 creatures vanquished.

Notes
Turn   | Place    | Note
-------+----------+-------------------------------------------
     0 | D:1      | Lanoc the Octopode Ice Elementalist began the quest for the
                  | Orb.
     0 | D:1      | Reached XP level 1. HP: 11/11 MP: 3/3
   505 | D:1      | Reached XP level 2. HP: 11/17 MP: 3/5
  1204 | D:1      | Reached XP level 3. HP: 19/21 MP: 1/6
  1402 | D:2      | HP: 1/21 [poisoned by an adder]
  1718 | D:2      | Learned a level 3 spell: Frozen Ramparts
  1966 | D:2      | Reached skill level 5 in Ice Magic
  2071 | D:2      | Noticed Robin
  2079 | D:2      | Slain by a hobgoblin

Illustrated notes

Levels and vault maps discovered:
D:1:      dpeg_arrival_ratfight, layout_basic, serial_glass, glass_columns_b,
          glass_columns_a
D:2:      layout_loops_ring, serial_shops, shop,
          hellmonk_ecumenical_altar_pennies_from_heaven, uniq_robin

Skill      XL: |  1  2  3 |
---------------+----------+-----
Ice Magic      | 5 |  5.0
Dodging        | |  2.8
Stealth        | |  2.6
Spellcasting   | |  2.0

Action                   || total
-------------------------++-------
Melee: Unarmed           ||    16
       Constrict         ||     6
       Tentacles         ||     4
 Cast: Freeze            ||    38
       Frozen Ramparts   ||     2
  Use: Potion            ||     3
 Stab: Sleeping          ||     1
Armor: Skin              ||     4
Dodge: Dodged            ||    32

Table legend: (Time is in decaauts)
 A = Elapsed time spent in this place.
 B = Non-inter-level travel time spent in this place.
 C = Inter-level travel time spent in this place.
 D = Time resting spent in this place.
 E = Time spent auto-exploring this place.
 F = Levels seen in this place.
 G = Mean time per level.
                   A        B        C        D        E       F      G
               +--------+--------+--------+--------+--------+-----+--------+
         Total |   2078 |   2065 |     13 |      0 |   1884 |   2 | 1039.0 |
       Dungeon |   2078 |   2065 |     13 |      0 |   1884 |   2 | 1039.0 |
               +--------+--------+--------+--------+--------+-----+--------+

Top non-repeatable levels by time:
     D:1: 1378 daAuts
     D:2: 700 daAuts
